Map: Tourmaline LE

Players

Lambo

  • Race: Zerg Zerg
  • League: Master
  • Spawn Location: 7:00

LiquidClem (Clem) - Winner!

  • Race: Terran Terran
  • League: Grandmaster
  • Spawn Location: 1:00

VOD

Have the link to the VOD?

Description

Time

  • Played on: Feb. 1, 2026, 8:53 a.m.
  • Length: 6:47
Show
View Real Time Build Order
Export as new Build Order

Lambo Zerg 

Build Orders: Hatch First 

Get SALT Encoding   

  12  0:00  Drone  
  13  0:08  Drone  
  14  0:14  Extractor  
  14  0:15  Drone  
  15  0:34  Hatchery  
  14  0:40  Extractor, Drone  
  15  0:46  Overlord  
  15  1:00  Spawning Pool  
  14  1:04  Drone  
  14  1:07  Drone  
  16  1:11  Drone  
  16  1:15  Drone  
  18  1:25  Extractor  
  17  1:26  Drone  
  18  1:37  Drone  
  19  1:46  Drone  
  20  1:47  Queen  
  20  1:48  Queen  
  20  1:51  Drone  
  25  1:56  Drone  
  25  2:00  Overlord  
  26  2:07  Drone  
  27  2:10  Drone  
  28  2:20  Drone x2  
  30  2:28  Queen  
  30  2:29  Spore Crawler  
  31  2:33  Lair  
  31  2:35  Drone  
  33  2:38  Overlord  
  33  2:42  Drone  
  33  2:43  Drone  
  35  2:50  Drone  
  36  2:58  Extractor, Drone x3  
  38  2:59  Drone x3  
  38  3:03  Drone  
  38  3:04  Drone  
  43  3:07  Overlord  
  43  3:13  Drone  
  43  3:18  Roach Warren  
  43  3:19  Drone  
  44  3:26  Drone x2  
  46  3:29  Drone x5  
  46  3:33  Overseer  
  51  3:36  Drone  
  51  3:39  Extractor  
  51  3:40  Extractor  
  51  3:41  Evolution Chamber  
  49  3:43  Drone x2  
  49  3:45  Evolution Chamber  
  50  3:51  Spore Crawler, Drone  
  50  3:52  Drone  
  50  3:55  Spore Crawler  
  50  3:59  Overlord  
  50  4:01  Glial Reconstitution  
  52  4:03  Spore Crawler  
  52  4:06  Roach  
  52  4:07  Overlord  
  52  4:08  Evolution Chamber  
  52  4:09  Overlord  
  51  4:16  Overlord  
  51  4:19  Roach x3  
  51  4:21  Overlord  
  58  4:26  Roach  
  60  4:31  Overlord  
  60  4:32  Roach x2  
  60  4:35  Roach x2  
  68  4:39  Roach x2  
  68  4:42  Overlord  
  68  4:45  Roach  
  74  4:51  Roach x2  
  78  4:56  Roach, Ravager x3  
  83  5:02  Roach x2  
  83  5:03  Roach  
  83  5:04  Overlord  
  91  5:07  Roach  
  91  5:09  Roach  
  91  5:10  Ravager  
  91  5:12  Ravager  
  95  5:16  Roach  
  95  5:19  Overseer  
  97  5:22  Roach  
  99  5:28  Roach  
  99  5:29  Roach x2  
  99  5:33  Roach  
  107  5:38  Ravager  
  107  5:39  Overlord  
  108  5:45  Overlord  
  104  5:51  Roach x3  
  104  5:53  Roach x3  
  104  5:56  Roach  
  104  5:57  Roach  
  103  6:03  Ravager  
  104  6:08  Roach x2  
  104  6:10  Roach  
  110  6:16  Roach  
  116  6:18  Roach x2  
  116  6:20  Roach  
  116  6:22  Roach  
  116  6:23  Overseer  
  120  6:26  Roach  
  120  6:28  Roach  
Show
View Real Time Build Order
Export as new Build Order

LiquidClem Terran - Winner!

Build Orders: Reaper Expand 

Get SALT Encoding   

  12  0:00  SCV  
  13  0:12  SCV  
  14  0:16  Supply Depot  
  14  0:24  SCV  
  15  0:38  SCV, Barracks  
  15  0:42  Refinery  
  16  0:50  SCV  
  17  1:02  SCV  
  18  1:14  SCV  
  19  1:26  Reaper, Orbital Command  
  20  1:37  Command Center  
  20  1:44  Supply Depot  
  20  1:51  SCV  
  21  1:57  Marine  
  22  2:03  SCV  
  22  2:07  Factory  
  23  2:15  SCV  
  23  2:19  Barracks Reactor  
  24  2:28  SCV  
  25  2:35  Command Center  
  25  2:40  SCV  
  26  2:48  Orbital Command  
  26  2:53  SCV  
  26  2:56  Barracks  
  27  3:04  Barracks Tech Lab  
  27  3:05  SCV  
  28  3:08  Hellion  
  28  3:11  Hellion  
  32  3:14  SCV  
  32  3:17  SCV  
  34  3:20  Refinery  
  34  3:23  Marine  
  34  3:24  Stimpack  
  35  3:27  SCV  
  35  3:29  SCV  
  37  3:40  SCV  
  38  3:41  SCV  
  38  3:44  Starport, Marine  
  40  3:49  Marine x2  
  40  3:51  Orbital Command  
  40  3:52  SCV  
  40  3:54  Factory Reactor, SCV  
  44  4:02  Marine  
  45  4:04  SCV  
  45  4:06  SCV  
  45  4:07  Marine x2  
  48  4:16  SCV  
  47  4:17  SCV  
  47  4:18  SCV  
  47  4:19  Marine  
  47  4:20  Supply Depot  
  47  4:21  Refinery  
  50  4:25  Marine, Supply Depot  
  50  4:27  Marine  
  50  4:28  SCV  
  50  4:29  SCV  
  50  4:30  SCV  
  53  4:33  Medivac  
  53  4:34  Medivac  
  53  4:36  Factory Tech Lab  
  53  4:38  Marine  
  58  4:42  Marine  
  58  4:43  Barracks, SCV x2  
  58  4:44  SCV  
  58  4:45  Marine  
  62  4:47  Supply Depot  
  62  4:52  Refinery  
  63  4:54  Siege Tank  
  63  4:58  Bunker  
  63  4:59  SCV  
  68  5:00  SCV, Marine x2  
  68  5:01  SCV  
  68  5:06  Combat Shield  
  71  5:10  Supply Depot  
  71  5:11  SCV  
  71  5:13  Marine, Supply Depot  
  73  5:15  SCV  
  74  5:22  Starport Reactor, Marine  
  74  5:23  Marine, Barracks  
  74  5:24  SCV  
  74  5:25  Barracks  
  76  5:31  Siege Tank  
  76  5:33  Supply Depot  
  79  5:36  SCV  
  79  5:39  Marine  
  79  5:41  SCV  
  79  5:42  Marine  
  80  5:45  Marine  
  80  5:51  SCV  
  80  5:55  SCV  
  80  5:56  Marine  
  81  5:57  SCV  
  81  6:00  Marine  
  81  6:02  Supply Depot  
  81  6:03  Siege Tank  
  86  6:07  Marine  
  86  6:10  Medivac x2  
  91  6:14  Supply Depot  
  91  6:16  Marine  
  91  6:17  Marine  
  93  6:23  Marine x4  
  93  6:25  Marine  
  96  6:35  Engineering Bay  
  96  6:36  Engineering Bay  
Tags
 
Add a new tag
Caveats
  • Supply blocks, unpowered buildings, or Contaminate may cause inaccurate times.
  • Supply counts are checked every 10 seconds.